 Dungeon Crawl Stone Soup version 0.29.1-12-g30fa7ad0bf (webtiles) character file.

Game seed: 11920978566601843714

187 styxcanada the Covered (level 5, 0/33 (47) HPs)
             Began as a Minotaur Fighter on Dec 19, 2022.
             Slain by Eustachio
             ... wielding a +0 rapier of draining
              (6 damage)
             ... on level 4 of the Dungeon.
             The game lasted 00:08:29 (3471 turns).

styxcanada the Covered (Minotaur Fighter)           Turns: 3471, Time: 00:08:29

HP:   0/33 (47)     AC: 10    Str: 22    XL:     5   Next: 39%
MP:   4/4           EV:  7    Int:  5    God:
Gold: 293           SH:  4    Dex: 10    Spells: 4/4 levels left

rFire   . . .      SeeInvis .   a - +0 war axe (flame)
rCold   . . .      Faith    .   c - +0 buckler
rNeg    . . .      Spirit   .   u - +0 chain mail
rPois   .          Reflect  .   (helmet restricted)
rElec   .          Harm     .   (no cloak)
rCorr   .          Rampage  .   (no gloves)
Will    .....                   (no boots)
Stlth   ..........              (no amulet)
HPRegen 0.11/turn               f - ring of flight
MPRegen 0.09/turn               (no ring)

@: flying, very heavily drained
A: horns 2, retaliatory headbutt
a: no special abilities


You were on level 4 of the Dungeon.
You visited 1 branch of the dungeon, and saw 4 of its levels.

You collected 293 gold pieces.

Inventory:

Hand Weapons
 a - a +0 war axe of flaming (weapon)
 i - a +0 sling
 r - a +0 flail of venom
Missiles
 s - 2 boomerangs (quivered)
Armour
 c - a +0 buckler (worn)
 u - a +0 chain mail (worn)
Jewellery
 f - a ring of flight (left hand)
 k - a +6 ring of intelligence
Scrolls
 h - a scroll of brand weapon
 j - 2 scrolls of summoning {unknown}
 o - 2 scrolls of teleportation {unknown}
 q - a scroll of vulnerability {unknown}
 v - a scroll of torment {unknown}
Potions
 d - a potion of might
 e - 4 potions of curing
 g - 2 potions of flight
 l - 2 potions of brilliance {unknown}
 n - 2 potions of mutation {unknown}
 p - 2 potions of heal wounds {unknown}
 t - a potion of ambrosia {unknown}


   Skills:
 * Level 4.4 Fighting
 + Level 3.8 Axes
 + Level 0.2 Throwing
 * Level 5.6 Armour
 + Level 0.8 Dodging
 + Level 4.2 Shields


You had 4 spell levels left.
You didn't know any spells.
Your spell library contained the following spells:

 Spells                   Type           Power      Damage    Failure   Level
 Apportation              Tloc           0%         N/A       99%         1
 Summon Guardian Golem    Hex/Summ       0%         N/A       100%        3
 Alistair's Intoxication  Tmut/Pois      0%         N/A       100%        5
 Orb of Destruction       Conj           0%         9d5       100%        7
 Spellforged Servitor     Conj/Summ      0%         N/A       100%        7


Dungeon Overview and Level Annotations

Branches:
Dungeon (4/15)
 Temple: D:4-7

Altars:
Hepliaklqana
Trog
Xom
Zin

Annotations:
D:4 Eustachio


Innate Abilities, Weirdness & Mutations

You have a pair of horns on your head.
You reflexively headbutt those who attack you in melee.


Message History

The iron imp hits you.
You barely miss the iron imp.
The iron imp is heavily wounded.
Eustachio casts a spell.
Eustachio blinks!
The iron imp hits you.
You barely miss the iron imp. Your headbutt misses the iron imp.
The iron imp is heavily wounded.
The iron imp hits you.
Unknown command.
You barely miss the iron imp. You headbutt the iron imp.
The iron imp is severely wounded.
The iron imp barely misses you.
You barely miss the iron imp.
The iron imp is severely wounded.
Eustachio gestures wildly while chanting.
Eustachio blinks!
The iron imp closely misses you.
You hit the iron imp.
You headbutt the iron imp, but do no damage.
The iron imp is almost dead.
You closely miss Eustachio.
The shadow imp grinds its teeth.
The iron imp hits you.
Eustachio gestures wildly while chanting.
Eustachio blinks!
You slash the iron imp!
You kill the iron imp!
The iron imp disappears in a puff of smoke!
The shadow imp barely misses you.
The shadow imp disappears in a puff of smoke!
Eustachio hits you with a +0 rapier of draining!
* * * LOW HITPOINT WARNING * * *
You feel drained.
* * * LOW HITPOINT WARNING * * *
You closely miss Eustachio.
Eustachio is almost dead.
You slash the ufetubus! You burn the ufetubus.
You kill the ufetubus!
The ufetubus disappears in a puff of smoke!
Eustachio hits you with a +0 rapier of draining.
You die...

#... #... #... #...
######## #...
##...$..# #...
+.......# #...
#...@..# #########
##...@..# ##........
#....§<.# #......(..
####§#########........
###r####...##........
#.....#....#.........
#.⌠.⌠.#...)'.........
#.._..#....#.........
#.⌠.⌠.##...#######...
#.....##...##.####...


You could see Eustachio and a rat (summoned).

Vanquished Creatures
  An orc priest (D:4)
  A hound (D:4)
  Ijyb (D:4)
  3 adders
  A worm (D:4)
  4 dart slugs
  5 orcs
  6 ball pythons
  5 endoplasms
  A giant cockroach (D:2)
  6 goblins
  5 hobgoblins
  4 jackals
  A quokka (D:4)
  5 bats
  4 kobolds
  6 rats
  4 toadstools (D:1)
63 creatures vanquished.

Vanquished Creatures (others)
  5 fungi (D:1)
  A plant (D:3)
6 creatures vanquished.

Grand Total: 69 creatures vanquished

Notes
Turn   | Place    | Note
-------+----------+-------------------------------------------
     0 | D:1      | styxcanada the Minotaur Fighter began the quest for the
                  | Orb.
     0 | D:1      | Reached XP level 1. HP: 19/19 MP: 0/0
   168 | D:1      | Reached skill level 4 in Armour
   168 | D:1      | Reached XP level 2. HP: 22/27 MP: 1/1
   518 | D:1      | Found a bloodstained altar of Trog.
  1087 | D:2      | Reached XP level 3. HP: 33/33 MP: 2/2
  1840 | D:3      | Found a glowing silver altar of Zin.
  2003 | D:3      | Reached XP level 4. HP: 31/40 MP: 3/3
  2131 | D:3      | Reached skill level 5 in Armour
  2354 | D:3      | Found a faded altar of an unknown god.
  3059 | D:4      | Reached XP level 5. HP: 43/47 MP: 4/4
  3111 | D:4      | Noticed Ijyb
  3123 | D:4      | Killed Ijyb
  3367 | D:4      | Found a snail-covered altar of Cheibriados.
  3369 | D:4      | Found a shimmering altar of Xom.
  3369 | D:4      | Found a shimmering blue altar of Sif Muna.
  3371 | D:4      | Found a sparkling altar of Nemelex Xobeh.
  3371 | D:4      | Found a stormy altar of Qazlal.
  3371 | D:4      | Found a burning altar of Makhleb.
  3407 | D:4      | Identified the +2 robe "Xisets" {Int+4 Dex+2}
  3421 | D:4      | Found a hazy altar of Hepliaklqana.
  3421 | D:4      | Noticed Eustachio
  3471 | D:4      | Slain by Eustachio

Illustrated notes

Levels and vault maps discovered:
D:1:      dpeg_arrival_lava_altar, layout_loops_cross, minmay_gold_behind_fungi,
          glass_columns_a, chequers_jeans
D:2:      layout_basic, bh_walls_and_bars
D:3:      layout_basic, mainiacjoe_overflow_paths,
          chequers_ecumenical_altar_lobes
D:4:      layout_gridville, doesnt_xom_only_xom, kennysheep_little_box,
          uniq_ijyb, uniq_eustachio

Skill      XL: |  1  2  3  4  5 |
---------------+----------------+-----
Armour         | 4 5 |  5.6
Fighting       | 4 |  4.4
Axes           | 3 |  3.8
Shields        | 4 |  4.2
Throwing       | |  0.2
Dodging        | |  0.8

Action                   |  1- 3 |  4- 6 || total
-------------------------+-------+-------++-------
Melee: War axe           |   102 |    75 ||   177
       Headbutt          |     7 |    12 ||    19
Throw: Boomerang         |       |     1 ||     1
  Use: Scroll            |     1 |     4 ||     5
       Potion            |       |     1 ||     1
Armor: Scale mail        |    52 |     7 ||    59
       Chain mail        |       |    35 ||    35
Dodge: Dodged            |    53 |    38 ||    91
Block: Buckler           |    29 |    16 ||    45
